 Dungeon Crawl Stone Soup version 0.26-a0-1132-ge9770dfcb6 (webtiles) character file.

Game seed: 1142386509361540766

11141 Froggeryz the Slicer (level 12, -3/89 HPs)
             Began as a Halfling Fighter on Dec 20, 2020.
             Was the Champion of Okawaru.
             Engulfed by an ice statue's freezing vapour (22 damage)
             ... in an ice cave.
             The game lasted 00:23:34 (14443 turns).

Froggeryz the Slicer (Halfling Fighter)            Turns: 14443, Time: 00:23:35

Health: -3/89      AC: 14    Str: 22    XL:     12   Next: 4%
Magic:  12/12      EV: 10    Int: 12    God:    Okawaru [******]
Gold:   535        SH: 14    Dex: 16    Spells: 11/11 levels left

rFire    + . .     SeeInvis .   D - +2 short sword (flame)
rCold    . . .     Faith    +   c - +1 kite shield
rNeg     . . .     Spirit   .   u - +1 scale mail {rC+}
rPois    +         Reflect  .   L - +1 helmet of Somewhere Else {rPois Int+5}
rElec    .         Harm     .   n - +0 cloak
rCorr    .         Rampage  .   A - +1 pair of gloves {Str+3}
Will     .....                  E - +0 pair of boots
Stlth    ..........             v - amulet of faith
HPRegen  0.24/turn              y - ring of fire
MPRegen  0.13/turn              (no ring)

@: no status effects
A: small, mutation resistance 1
a: Renounce Religion, Heroism, Finesse


You were in an ice cave.
You worshipped Okawaru.
Okawaru was exalted by your worship.
You visited 3 branches of the dungeon, and saw 12 of its levels.
You also visited: Gauntlet and Ice Cave.

You collected 670 gold pieces.
You spent 135 gold pieces at shops.

Inventory:

Hand Weapons
 x - a +0 rapier of protection
 z - a +4 rapier of draining
 D - a +2 short sword of flaming (weapon)
Missiles
 k - 49 poisoned darts (quivered)
Armour
 c - a +1 kite shield (worn)
 n - a +0 cloak (worn)
 u - a +1 scale mail of cold resistance (worn)
 A - a +1 pair of gloves of strength (worn)
 B - the +1 ring mail "Xierades" {rElec Str-3 Dex+9}
   (You found it in a Gauntlet)

   It affects your strength (-3).
   It affects your dexterity (+9).
   It insulates you from electricity.
 E - a +0 pair of boots (worn)
 F - +2 swamp dragon scales
 L - the +1 helmet of Somewhere Else (worn) {rPois Int+5}
   (You found it in a Gauntlet)

   It affects your intelligence (+5).
   It protects you from poison.
Jewellery
 v - an amulet of faith (around neck)
 y - a ring of fire (left hand)
Wands
 p - a wand of digging (4)
 H - a wand of random effects (21)
 I - a wand of polymorph (25)
 K - a wand of disintegration (24)
Scrolls
 b - 3 scrolls of fear
 f - 5 scrolls of enchant armour
 g - 8 scrolls of remove curse
 i - 3 scrolls of immolation
 m - 2 scrolls of teleportation
 r - a scroll of enchant weapon
Potions
 a - 4 potions of brilliance
 d - 2 potions of might
 e - 4 potions of curing
 h - 2 potions of mutation
 j - 3 potions of flight {unknown}
 o - a potion of heal wounds
 q - 2 potions of lignification
 s - a potion of haste {unknown}
 w - 2 potions of ambrosia {unknown}
 G - a potion of resistance {unknown}
 J - 3 potions of cancellation


   Skills:
 + Level 10.6 Fighting
 - Level 12.0 Short Blades
 - Level 3.2 Armour
 + Level 11.6 Shields


You had 11 spell levels left.
You didn't know any spells.
Your spell library contained the following spells:

 Spells                   Type           Power        Failure   Level
 Apportation              Tloc           0%           90%         1
 Beastly Appendage        Tmut           0%           90%         1
 Foxfire                  Conj/Fire      0%           90%         1
 Freeze                   Ice            0%           90%         1
 Sandblast                Erth           0%           90%         1
 Sting                    Tmut/Pois      0%           90%         1
 Passwall                 Tmut/Erth      0%           97%         2
 Poisonous Vapours        Pois/Air       0%           97%         2
 Sublimation of Blood     Necr           0%           97%         2
 Wereblood                Tmut           0%           97%         2
 Conjure Flame            Conj/Fire      0%           99%         3
 Frozen Ramparts          Ice            0%           99%         3
 Ignite Poison            Fire/Tmut/Pois 0%           99%         3
 Inner Flame              Hex/Fire       0%           99%         3
 Lesser Beckoning         Tloc           0%           99%         3
 Mephitic Cloud           Conj/Pois/Air  0%           99%         3
 Ozocubu's Armour         Ice            0%           99%         3
 Spider Form              Tmut/Pois      0%           99%         3
 Static Discharge         Conj/Air       0%           99%         3
 Stone Arrow              Conj/Erth      0%           99%         3
 Tukima's Dance           Hex            0%           99%         3
 Hailstorm                Conj/Ice       0%           100%        4
 Ice Form                 Ice/Tmut       0%           100%        4
 Petrify                  Tmut/Erth      0%           100%        4
 Sticky Flame             Conj/Fire      0%           100%        4
 Summon Ice Beast         Ice/Summ       0%           100%        4
 Alistair's Intoxication  Tmut/Pois      0%           100%        5
 Blade Hands              Tmut           0%           100%        5
 Fireball                 Conj/Fire      0%           100%        5
 Irradiate                Conj/Tmut      0%           100%        5
 Lee's Rapid Deconstruct  Erth           0%           100%        5
 Lightning Bolt           Conj/Air       0%           100%        5
 Eringya's Noxious Bog    Tmut/Pois      0%           100%        6
 Freezing Cloud           Conj/Ice/Air   0%           100%        6
 Invisibility             Hex            0%           100%        6
 Ignition                 Fire           0%           100%        8
 Shatter                  Erth           0%           100%        9
 Tornado                  Air            0%           100%        9


Dungeon Overview and Level Annotations

Branches:
Dungeon (9/15)             Temple (1/1) D:6            Lair (2/6) D:9
  IceCv (1/1)             Gauntlet (visited)
  Swamp: Lair:2-4    Shoals: Lair:2-4     Snake: Lair:2-4    Spider: Lair:2-4
    Orc: D:9-12

Altars:
Cheibriados
Kikubaaqudgha
Okawaru
Qazlal
Ru
Trog
Uskayaw
Xom

Shops:
D:8 [

Annotations:
D:7 1 runed translucent door, Mandevil's ghost, novice DgTm
Lair:1 3 runed translucent doors, Murumi's ghost, journeyman OgCj; confidenceinterval's ghost, journeyman GnGl; confidenceinterval's ghost, journeyman GnWn; rlgrobin's ghost, journeyman KoDe IceCv exclusion: ice statue


Innate Abilities, Weirdness & Mutations

You are small and have problems with some larger weapons.
You are somewhat resistant to further mutation.


Message History

The shard of ice misses you.
You hit the ice statue but do no damage.
The ice statue is moderately damaged.
You are engulfed in freezing vapours.
You hit the ice statue.
You melt the ice statue.
The ice statue is moderately damaged.
You are engulfed in freezing vapours.
The ice statue gestures at you. The bolt of cold misses you.
You hit the ice statue but do no damage.
The ice statue is moderately damaged.
You are engulfed in freezing vapours.
You are engulfed in freezing vapours.
* * * LOW HITPOINT WARNING * * *
The ice statue glitters chillingly in the dim dungeon light.
The ice statue gestures at you. The freezing blast engulfs you!
* * * LOW HITPOINT WARNING * * *
You are engulfed in freezing vapours.
You die...

#∩#.###.†##
#######...#
##.##
##..##
#...###..##
##......##
#..#....#
#..###.##
#☼######
##@##☼##
#§☼§.☼##|#
##§.○8..#
####○°#..#
#.# .# ##


You could see an ice statue.

Vanquished Creatures
  A minotaur (Gauntlet)
  A two-headed ogre (D:9)
  A fire crab (Gauntlet)
  A moth of wrath (Gauntlet)
  A smoke demon (Gauntlet)
  2 cane toads (Lair:1)
  A komodo dragon (Lair:1)
  A polar bear (IceCv)
  7 yaks
  Eustachio (D:6)
  A basilisk (Lair:2)
  3 fire bats (Gauntlet)
  2 hell hounds (Gauntlet)
  A water moccasin (D:6)
  2 orc warriors
  4 sky beasts
  3 ice beasts
  4 phantoms
  3 ogres
  3 centaurs
  17 wolves
  A big kobold (D:7)
  11 bullfrogs
  3 scorpions
  3 wights (D:9)
  3 howler monkeys (D:9)
  4 crimson imps (Gauntlet)
  2 bullfrog skeletons
  6 orc priests
  Crazy Yiuf (D:3)
  2 hounds
  5 jellies
  5 orc wizards
  A centaur skeleton (D:8)
  An iguana (D:4)
  3 worker ants
  A hound skeleton (D:4)
  6 gnolls
  12 adders
  2 shadow imps
  3 white imps
  3 oozes
  2 adder skeletons
  2 dart slugs (D:1)
  6 leopard geckos
  33 orcs
  2 ball pythons
  10 bats
  2 giant cockroaches
  8 goblins
  12 hobgoblins
  7 jackals
  7 frilled lizards
  19 kobolds
  A quokka zombie (D:5)
  7 rats
256 creatures vanquished.

Vanquished Creatures (others)
  A fungus (Lair:1)
  3 plants
4 creatures vanquished.

Grand Total: 260 creatures vanquished

Notes
Turn   | Place    | Note
-------+----------+-------------------------------------------
     0 | D:1      | Froggeryz the Halfling Fighter began the quest for the Orb.
     0 | D:1      | Reached XP level 1. HP: 15/15 MP: 1/1
    63 | D:1      | Reached skill level 3 in Short Blades
    67 | D:1      | Reached XP level 2. HP: 14/20 MP: 2/2
    83 | D:1      | Reached skill level 4 in Short Blades
    83 | D:1      | Reached XP level 3. HP: 7/25 MP: 3/3
   930 | D:1      | Reached XP level 4. HP: 30/30 MP: 4/4
   964 | D:1      | Reached skill level 5 in Short Blades
  1740 | D:2      | Reached XP level 5. HP: 30/35 MP: 5/5
  1846 | D:2      | Reached skill level 6 in Short Blades
  1930 | D:2      | Found an iron altar of Okawaru.
  1938 | D:2      | Became a worshipper of Warmaster Okawaru
  2160 | D:2      | Found a faded altar of an unknown god.
  2455 | D:3      | Found a runed translucent door.
  2456 | D:3      | Noticed Crazy Yiuf
  3113 | D:3      | Reached skill level 7 in Short Blades
  3113 | D:3      | Reached XP level 6. HP: 14/41 MP: 6/6
  4237 | D:3      | Killed Crazy Yiuf
  4238 | D:3      | Reached skill level 8 in Short Blades
  4299 | D:4      | Reached XP level 7. HP: 39/45 MP: 7/7
  4363 | D:4      | Reached * piety under Okawaru
  4740 | D:4      | Reached skill level 9 in Short Blades
  5160 | D:5      | Entered Level 5 of the Dungeon
  5202 | D:5      | Reached skill level 10 in Short Blades
  5285 | D:5      | Reached XP level 8. HP: 44/51 MP: 8/8
  5482 | D:5      | Reached ** piety under Okawaru
  6302 | D:5      | Found a hide-covered altar of Uskayaw.
  6305 | D:5      | Found a bloodstained altar of Trog.
  6305 | D:5      | Found a snail-covered altar of Cheibriados.
  6306 | D:5      | Found a sacrificial altar of Ru.
  6306 | D:5      | Found a stormy altar of Qazlal.
  6306 | D:5      | Found an ancient bone altar of Kikubaaqudgha.
  6307 | D:5      | Found a shimmering altar of Xom.
  6512 | D:6      | Found a staircase to the Ecumenical Temple.
  6551 | D:6      | Reached skill level 11 in Short Blades
  6557 | Temple   | Entered the Ecumenical Temple
  7713 | D:6      | Reached *** piety under Okawaru
  7714 | D:6      | Reached XP level 9. HP: 35/59 MP: 9/9
  7991 | D:6      | Noticed Eustachio
  8019 | D:6      | Killed Eustachio
  8201 | D:6      | Reached skill level 12 in Short Blades
  8915 | D:7      | Found a runed translucent door.
  8915 | D:7      | Noticed Mandevil's ghost (novice DgTm)
  8959 | D:7      | Reached skill level 5 in Fighting
  9478 | D:8      | Reached **** piety under Okawaru
  9548 | D:8      | Reached skill level 5 in Shields
  9849 | D:8      | Found Rankoffo's Antique Armour Emporium.
  9917 | D:8      | Bought a pair of gloves for 135 gold pieces
 10251 | D:8      | Reached XP level 10. HP: 68/69 MP: 10/10
 10409 | D:9      | Found a staircase to the Lair.
 10442 | D:9      | Reached ***** piety under Okawaru
 10928 | D:9      | Noticed a two-headed ogre
 10936 | D:9      | Killed a two-headed ogre
 11184 | D:9      | Received a gift from Okawaru
 11839 | Lair:1   | Entered Level 1 of the Lair of Beasts
 11839 | Lair:1   | Noticed a komodo dragon
 11852 | Lair:1   | Killed a komodo dragon
 11853 | Lair:1   | Reached XP level 11. HP: 73/78 MP: 11/11
 12073 | Lair:1   | Noticed Murumi's ghost (journeyman OgCj)
 12073 | Lair:1   | Noticed rlgrobin's ghost (journeyman KoDe)
 12074 | Lair:1   | Found a runed translucent gate.
 12075 | Lair:1   | Found a runed translucent gate.
 12075 | Lair:1   | Found a runed translucent gate.
 12075 | Lair:1   | Noticed confidenceinterval's ghost (journeyman GnWn)
 12075 | Lair:1   | Noticed confidenceinterval's ghost (journeyman GnGl)
 12187 | Lair:1   | Found a gate leading to a gauntlet.
 12194 | Lair:1   | Reached skill level 10 in Shields
 12202 | Gauntlet | Entered a Gauntlet
 12202 | Gauntlet | Found a transporter.
 12204 | Gauntlet | Noticed a moth of wrath
 12274 | Gauntlet | Found a transporter.
 12276 | Gauntlet | Found a transporter.
 12291 | Gauntlet | Found a transporter.
 12293 | Gauntlet | Found a transporter.
 12298 | Gauntlet | Noticed a fire crab
 12305 | Gauntlet | Found a transporter.
 12315 | Gauntlet | Found a transporter.
 12325 | Gauntlet | Noticed an elephant
 12325 | Gauntlet | Noticed an elephant
 12326 | Gauntlet | Noticed a dire elephant
 12328 | Gauntlet | Found a transporter.
 12330 | Gauntlet | Noticed an elephant
 12335 | Gauntlet | Noticed a moth of wrath
 12337 | Gauntlet | Found a runed translucent gate.
 12338 | Gauntlet | Found a transporter.
 12338 | Gauntlet | Found a runed translucent gate.
 12339 | Gauntlet | Found a runed translucent gate.
 12352 | Gauntlet | Found a transporter.
 12360 | Gauntlet | Noticed a faun
 12361 | Gauntlet | Found a transporter.
 12361 | Gauntlet | a faun changed into a slime creature
 12364 | Gauntlet | Found a transporter.
 12382 | Gauntlet | Noticed a faun
 12382 | Gauntlet | a slime creature changed into a faun
 12444 | Gauntlet | Killed a moth of wrath
 12444 | Gauntlet | Received a gift from Okawaru
 12496 | Gauntlet | Reached ****** piety under Okawaru
 12499 | Gauntlet | Found a transporter.
 12519 | Gauntlet | Got a brightly glowing ring mail
 12531 | Gauntlet | Identified the +1 ring mail "Xierades" {rElec Str-3 Dex+9}
                  | (You found it in a Gauntlet)
 12588 | Gauntlet | Killed a fire crab
 12588 | Gauntlet | Received a gift from Okawaru
 12589 | Gauntlet | Reached skill level 10 in Fighting
 12600 | Gauntlet | Got a jewelled helmet
 12614 | Gauntlet | Identified the +1 helmet of Somewhere Else {rPois Int+5}
                  | (You found it in a Gauntlet)
 12822 | Gauntlet | Identified the cursed +0 spear of Crusades {vorpal, rPois
                  | Dex+5}
 12822 | Gauntlet | Noticed a minotaur
 12846 | Gauntlet | Killed a minotaur
 12851 | Gauntlet | Identified the Reference Book on Envenoming and Ignition
 13848 | Lair:2   | Found a frozen archway.
 13862 | IceCv    | Entered an ice cave
 14209 | IceCv    | Reached XP level 12. HP: 43/89 MP: 12/12
 14443 | IceCv    | Engulfed by an ice statue's freezing vapour

Illustrated notes

Levels and vault maps discovered:
D:1:      minmay_arrival_four_houses, layout_basic, serial_forest,
          infiniplex_forest_straight_4, infiniplex_forest_fountain,
          infiniplex_forest_corner_1, infiniplex_forest_side_room,
          minmay_cut_off
D:2:      layout_rooms, okawaru_altar_gauntlet_db,
          chequers_ecumenical_altar_simple
D:3:      layout_loops_cross, minmay_misc_feat_tiny, minivault_4,
          uniq_crazy_yiuf_cottage
D:4:      layout_loops_cross, st_stairs_2, supply_closet_lemuel
D:5:      layout_basic, grunt_temple_overflow_open
D:6:      layout_basic, minmay_temple_entry_large_hall,
          hangedman_abyss_or_decor_lesser_grid, minmay_misc_feat_rugged,
          uniq_eustachio
D:7:      layout_loops_corners, gammafunk_ghost_grave
D:8:      layout_cave_pods, serial_shops, shop_fountains
D:9:      layout_grid_maze, lair_entry_dummy
Temple:   jpeg_temple_clearing
Lair:1:   layout_cave_pods, gauntlet_entry_generic, gammafunk_ghost_cemetery
Lair:2:   layout_cellular_growth, spider_nest_entry_webs,
          portal_ice_cave_entry_pillars_1
IceCv:    ice_cave_caverns_03

Skill      XL: |  1  2  3  4  5  6  7  8  9 10 11 |
---------------+----------------------------------+-----
Short Blades   | 3 4 5 7 8 10 11 12 | 12.0
Fighting       | 4 6 8 10 | 10.6
Shields        | 6 9 11 | 11.6
Armour         | |  3.2

Action                   |  1- 3 |  4- 6 |  7- 9 | 10-12 || total
-------------------------+-------+-------+-------+-------++-------
Melee: Rapier            |   119 |   239 |   482 |   409 ||  1249
       Short sword       |       |       |       |    59 ||    59
Throw: Dart              |       |     2 |     7 |       ||     9
Invok: Heroism           |       |       |       |     3 ||     3
  Use: Scroll            |     2 |     3 |       |    12 ||    17
       Potion            |       |     2 |     1 |     3 ||     6
Armor: Scale mail        |    45 |    80 |   113 |    94 ||   332
       Ring mail         |       |       |       |    10 ||    10
       Swamp dragon scal |       |       |       |     9 ||     9
Dodge: Dodged            |    36 |   106 |   111 |   107 ||   360
Block: Kite shield       |    61 |   138 |   185 |   260 ||   644

Table legend: (Time is in decaauts)
 A = Elapsed time spent in this place.
 B = Non-inter-level travel time spent in this place.
 C = Inter-level travel time spent in this place.
 D = Time resting spent in this place.
 E = Time spent auto-exploring this place.
 F = Levels seen in this place.
 G = Mean time per level.
                   A        B        C        D        E       F      G
               +--------+--------+--------+--------+--------+-----+--------+
         Total |  14153 |  13730 |    423 |   2394 |   8785 |  14 | 1010.9 |
       Dungeon |  11458 |  11069 |    389 |   1535 |   7891 |   9 | 1273.1 |
        Temple |    201 |    201 |      0 |    200 |      0 |   1 |  201.0 |
          Lair |   1114 |   1080 |     34 |      0 |    695 |   2 |  557.0 |
      Ice Cave |    538 |    538 |      0 |    405 |      6 |   1 |  538.0 |
      Gauntlet |    840 |    840 |      0 |    254 |    193 |   1 |  840.0 |
               +--------+--------+--------+--------+--------+-----+--------+

Top non-repeatable levels by time:
     D:6: 1654 daAuts
     D:1: 1628 daAuts
     D:2: 1406 daAuts
     D:9: 1369 daAuts
     D:3: 1246 daAuts
     D:5: 1229 daAuts
     D:7: 1047 daAuts
  Lair:1: 1035 daAuts
     D:8: 1004 daAuts
     D:4: 872 daAuts
Gauntlet: 840 daAuts
   IceCv: 538 daAuts
  Temple: 201 daAuts
  Lair:2: 79 daAuts
